 Dungeon Crawl Stone Soup version 0.20.0-6-gd3061e9 (webtiles) character file.

32 MTVSty1e the Ruffian (level 3, -2/28 HPs)
             Began as a Draconian Transmuter on May 28, 2017.
             Splashed by a jelly's acid (6 damage)
             ... on level 2 of the Dungeon.
             The game lasted 00:03:18 (1137 turns).

MTVSty1e the Ruffian (Draconian Transmuter)         Turns: 1137, Time: 00:03:18

Health: -2/28      AC: -6    Str: 13    XL:     3   Next: 8%
Magic:  6/6        EV: 12    Int: 13    God:
Gold:   28         SH:  0    Dex: 11    Spells: 3/6 levels left

rFire    . . .     SeeInvis .     - Unarmed
rCold    . . .     Gourm    .   (no shield)
rNeg     . . .     Faith    .   (armour unavailable)
rPois    .         Spirit   .   (helmet restricted)
rElec    .         Reflect  .   (no cloak)
rCorr    .         Harm     .   g - +0 pair of gloves
MR       .....                  (no boots)
Stlth    +.........             (no amulet)
Regen    0.1/turn               (no ring)
MPRegen  0.1/turn               (no ring)

@: corroded
A: unfitting armour, cold-blooded, AC +5
a: no special abilities


You were on level 2 of the Dungeon.
You were not hungry.

You visited 1 branch of the dungeon, and saw 2 of its levels.

You collected 28 gold pieces.

Inventory:

Missiles
 a - 12 arrows
Armour
 g - a +0 pair of gloves (worn)
Scrolls
 e - a scroll of fear {unknown}
 f - a scroll of identify {unknown}
 i - a scroll of amnesia {unknown}
 j - a scroll of teleportation {unknown}
Potions
 h - a potion of degeneration {unknown}
Books
 b - a book of Changes

   Spells                             Type                      Level
   a - Beastly Appendage              Transmutation                1
   b - Sticks to Snakes               Transmutation                2
   c - Spider Form                    Transmutation/Poison         3
   d - Ice Form                       Ice/Transmutation            4
   e - Blade Hands                    Transmutation                5


   Skills:
 + Level 1.4 Fighting
 - Level 1.9 Dodging
 + Level 3.9 Unarmed Combat
 - Level 2.1 Spellcasting
 - Level 2.0 Transmutations


You had 3 spell levels left.
You knew the following spells:

 Your Spells              Type           Power        Failure   Level  Hunger
a - Beastly Appendage     Tmut           #.....       11%         1    ##.....
b - Sticks to Snakes      Tmut           #.......     16%         2    ###....


Dungeon Overview and Level Annotations

Branches:
Dungeon (2/15)

Altars:


Innate Abilities, Weirdness & Mutations

Your plain brown scales are hard. (AC +5)
You cannot fit into any form of body armour.
You are cold-blooded and may be slowed by cold attacks.


Message History

You barely miss the jelly. You claw the jelly, but do no damage.
You tail-slap the jelly.
The jelly is moderately wounded.
The jelly hits you. The acid corrodes you!
You are splashed with acid!
The acid burns!
You hit the jelly but do no damage.
Your hands burn!
The jelly is moderately wounded.
The jelly misses you.
You barely miss the jelly.
The jelly is moderately wounded.
The jelly closely misses you.
You hit the jelly.
Your hands burn!
* * * LOW HITPOINT WARNING * * *
You tail-slap the jelly, but do no damage.
The jelly is heavily wounded.
Your talons disappear.
The jelly hits you.
* * * LOW HITPOINT WARNING * * *
The acid corrodes you!
You are splashed with acid!
The acid burns!
You die...

##########
#...÷...P$
#..÷P.P.P.
#.........
#...PJ...÷
#..JPJJ÷÷.
#÷÷.JJPJ..
#J#######
##JJ@..(##
########(#
#....'..##
#....########
#.[.....##..#
#.).....###.#
#.......# #.#
#.......#
#.######
##.....##
#......#


You could see a jelly and 2 oozes.

Vanquished Creatures
  A ball python (D:1)
  4 goblins (D:1)
  3 hobgoblins (D:1)
  3 jackals (D:1)
  8 kobolds
  6 bats (D:1)
  A frilled lizard (D:1)
  3 rats
29 creatures vanquished.

Vanquished Creatures (others)
  3 fungi (D:2)
  7 toadstools (D:2)
10 creatures vanquished.

Grand Total: 39 creatures vanquished

Notes
Turn   | Place    | Note
-------+----------+-------------------------------------------
     0 | D:1      | MTVSty1e the Draconian Transmuter began the quest for the Orb.
     0 | D:1      | Reached XP level 1. HP: 16/16 MP: 3/3
   123 | D:1      | Reached XP level 2. HP: 20/23 MP: 5/5
   339 | D:1      | Learned a level 2 spell: Sticks to Snakes
   713 | D:2      | Reached XP level 3. HP: 13/28 MP: 6/6
  1137 | D:2      | Splashed by a jelly's acid

Action                   || total
-------------------------++-------
Melee: Unarmed           ||   110
       Kick              ||     9
       Punch             ||     3
       Headbutt          ||     2
       Tailslap          ||     8
 Cast: Beastly Appendage ||    12
  Use: Potion            ||     1
 Stab: Sleeping          ||     2
  Eat: Bread ration      ||     1
Armor: Skin              ||    39
Dodge: Dodged            ||    83
